 Dungeon Crawl Stone Soup version 0.31.0-11-ge490571c62 (webtiles) character file.

Game seed: 12258228180979496301

314 qw the Shooter (level 6, -4/30 HPs)
             Began as a Spriggan Hunter on Feb 4, 2024.
             Killed by divine providence
             ... invoked by an orc priest
              (13 damage)
             ... on level 3 of the Dungeon.
             The game lasted 00:00:13 (3296 turns).

qw the Shooter (Spriggan Hunter)                    Turns: 3296, Time: 00:00:13

Health: -4/30      AC:  2    Str:  7    XL:     6   Next: 19%
Magic:  7/7        EV: 21    Int: 10    God:
Gold:   179        SH:  0    Dex: 21    Spells: 5/5 levels left

rFire   . . .        a - +0 shortbow
rCold   . . .        (shield currently unavailable)
rNeg    . . .        c - +0 robe
rPois   +            (helmet restricted)
rElec   .            (no cloak)
rCorr   .            (gloves unavailable)
SInv    +            (boots unavailable)
Will    +....        f - amulet of faith
Stlth   ++           e - ring of poison resistance
HPRegen 0.25/turn    (no ring)
MPRegen 0.10/turn

%: faith
@: very quick
A: very small, no large weapons, unfitting armour, see invisible, speed 3
a: no special abilities


You were on level 3 of the Dungeon.
You visited 1 branch of the dungeon, and saw 6 of its levels.
You also visited: Ossuary.

You collected 179 gold pieces.


Innate Abilities, Weirdness & Mutations

You are very small and have problems with some larger weapons.
You are too small for most types of armour.
You have supernaturally acute eyesight. (SInv)
You cover ground extremely quickly. (Speed+++)


   Skills:
 - Level 2.0 Fighting
 - Level 6.2 Ranged Weapons
 + Level 5.8 Dodging
 - Level 1.5 Stealth


You had 5 spell levels left.
You didn't know any spells.
Your spell library was empty.

Inventory:

Hand Weapons
 a - a +0 shortbow (weapon)
Armour
 c - a +0 robe (worn)
Jewellery
 e - a ring of poison resistance (left hand)
 f - an amulet of faith (around neck)
Wands
 h - a wand of paralysis (12)
Scrolls
 g - a scroll of teleportation
 i - 2 scrolls of identify {unknown}
 k - 2 scrolls of amnesia {unknown}
 l - a scroll of revelation {unknown}
Potions
 b - a potion of ambrosia {unknown}
 d - a potion of magic {unknown}
 j - a potion of enlightenment {unknown}

Dungeon Overview and Level Annotations

Branches:
Dungeon (6/15)            Ossuary (visited)
 Temple: D:4-7

Altars:
Fedhas
Hepliaklqana


Message History

You shoot an arrow. The orc shouts!
The arrow hits the orc.
The orc is almost dead.
The orc priest casts a cantrip, but nothing happens.
A scorpion comes into view.
You shoot an arrow. The arrow hits the orc!
You kill the orc!
You shoot an arrow. The arrow hits the scorpion.
The scorpion is moderately wounded.
You shoot an arrow. The arrow hits the scorpion.
The scorpion is moderately wounded.
You shoot an arrow. The arrow hits the scorpion.
The scorpion is severely wounded.
You shoot an arrow. The arrow hits the orc.
The orc is heavily wounded.
The orc completely misses you.
The orc priest mumbles some strange prayers to Beogh against you.
Pain shoots through your body!
You shoot an arrow. The arrow barely misses the scorpion.
The scorpion barely misses you. The orc misses you.
The orc priest mumbles some strange prayers to Beogh against you.
Beogh smites you!
You shoot an arrow. The arrow hits the scorpion.
The scorpion is severely wounded.
The scorpion stings you. The orc misses you.
The orc priest calls upon Beogh to heal the orc.
The orc's wounds heal themselves!
You shoot an arrow.
The arrow hits the scorpion but does no damage.
The scorpion is severely wounded.
The scorpion misses you. The orc barely misses you.
The orc priest looks encouraged for a moment.
The scorpion stings you.
You shoot an arrow. The arrow hits the scorpion.
You kill the scorpion!
The orc completely misses you.
The orc priest calls down the wrath of Beogh upon you.
Beogh smites you!
You die...

#.## ######'#).........#
#.# #.................#
#.# #.................#
#.# #.......%.........#
#.# ######+#).........#
#.# #...............# #
########.....#####.....#
#
......%#.....#####.###.#
# ......o@.....'.....#
#.# #
.......#.....#########.#
#
.....o.#...............#
#
...)...#############....
# ....... ........... #
....... ########.... #
....... .......'.... #
... ##########
########.... # ...
.........######.#####....


You could see an orc priest and an orc.

Vanquished Creatures
  A phantom (D:4)
  A scorpion (D:3)
  A centaur zombie (Ossuary)
  Terence (D:2)
  2 hound zombies (Ossuary)
  A mummy (D:4)
  4 adders
  6 adder zombies (Ossuary)
  A dart slug (D:2)
  2 orcs (D:3)
  2 ball pythons
  4 endoplasms
  3 giant cockroaches (D:1)
  8 goblins
  4 hobgoblins
  14 jackals
  6 kobolds
  2 quokkas
  4 bats
  4 frilled lizards
  3 gnoll zombies (Ossuary)
  A goblin zombie (D:4)
  A hobgoblin zombie (D:4)
  2 jackal zombies (Ossuary)
  3 kobold zombies (Ossuary)
  3 orc zombies (Ossuary)
  4 rats
88 creatures vanquished.

Notes
Turn   | Place    | Note
-------+----------+-------------------------------------------
     0 | D:1      | qw the Spriggan Hunter began the quest for the Orb.
     0 | D:1      | Reached XP level 1. HP: 10/10 MP: 2/2
     0 | D:1      | 0 ||| qw: Version: 0.3-a-160-g6735b56
     0 | D:1      | 0 ||| qw: Game counter: 4410
     0 | D:1      | 0 ||| qw: Melee chars always use a shield: true
     0 | D:1      | 0 ||| qw: God list: Okawaru
     0 | D:1      | 0 ||| qw: Allow faded altars: false
     0 | D:1      | 0 ||| qw: Do Orc after clearing Dungeon:15 true
     0 | D:1      | 0 ||| qw: Do second Lair branch before Depths: true
     0 | D:1      | 0 ||| qw: Lair rune preference: random
     0 | D:1      | 0 ||| qw: Goals: Normal
     0 | D:1      | 0 ||| PLANNING D:1-11
    45 | D:1      | Reached skill level 3 in Dodging
   111 | D:1      | Reached XP level 2. HP: 14/14 MP: 3/3
   860 | D:1      | 860 ||| READING scroll labelled IPREIRH XIETT.
   864 | D:1      | 864 ||| READING scroll labelled YRYHIH IBOVE.
   865 | D:1      | 865 ||| DROPPING scroll of butterflies.
   902 | D:2      | Noticed Terence
   912 | D:2      | Killed Terence
   913 | D:2      | Reached XP level 3. HP: 13/18 MP: 4/4
  1076 | D:2      | Reached skill level 5 in Ranged Weapons
  1132 | D:2      | Reached XP level 4. HP: 22/22 MP: 5/5
  1293 | D:2      | Found a blossoming altar of Fedhas.
  1692 | D:2      | 1692 ||| UPGRADING to amulet of faith.
  1697 | D:2      | 1697 ||| READING scroll labelled XUEGUP ASAHAMI.
  1798 | D:2      | 1798 ||| READING scroll labelled CAFUDA BIANN.
  1995 | D:3      | You fall into a shaft and drop 3 floors!
  2006 | D:6      | 2006 ||| UPGRADING to ring of poison resistance.
  2015 | D:5      | Entered Level 5 of the Dungeon
  2125 | D:4      | 2125 ||| PLANNING OSSUARY
  2198 | D:4      | Noticed a phantom
  2199 | D:4      | 2199 ||| ZAPPING wand of paralysis (14) at -1,3 (phantom;
                  | floor).
  2200 | D:4      | 2200 ||| ZAPPING wand of paralysis (13) at 0,2 (phantom;
                  | floor).
  2210 | D:4      | Killed a phantom
  2211 | D:4      | Reached XP level 5. HP: 26/26 MP: 6/6
  2321 | D:4      | Found a sand-covered staircase.
  2329 | D:4      | 2329 ||| READING scroll labelled IZEODIOHEY.
  2333 | Ossuary  | Entered an ossuary
  2355 | Ossuary  | Reached skill level 6 in Ranged Weapons
  2421 | Ossuary  | Reached XP level 6. HP: 25/30 MP: 7/7
  2552 | D:4      | 2552 ||| PLANNING D:1-11
  2865 | D:3      | Found a hazy altar of Hepliaklqana.
  3128 | D:3      | Found a blossoming altar of Fedhas.
  3296 | D:3      | Killed from afar by an orc priest

Levels and vault maps discovered:
D:1:      sevenhm_arrival_forest_fort_large_2, layout_basic, serial_forest,
          infiniplex_forest_lined_corner, infiniplex_forest_end_double,
          infiniplex_forest_straight_3, infiniplex_forest_lined_room_3,
          infiniplex_forest_end_2, infiniplex_forest_clump_double,
          infiniplex_forest_clump_curved, infiniplex_forest_lined_2,
          infiniplex_forest_corner_2, infiniplex_forest_lined_ring
D:2:      layout_basic, basic_altar, minmay_tromino_v4_a, uniq_terence
D:3:      layout_basic, fedhas_altar_2, mainiacjoe_overflow_paths
D:4:      layout_basic, chei_slow_surprise, nicolae_yredelemnul_ghost_church,
          nicolae_ossuary_entry_giza, uniq_edmund
D:5:      layout_loops_ring, minmay_temple_entry_mist
D:6:      lemuel_ice_spiral_2, layout_basic, minmay_manual_mess

Skill      XL: |  1  2  3  4  5 |
---------------+----------------+-----
Dodging        | 3 4 5 |  5.8
Ranged Weapons | 5 6 |  6.2
Fighting       | 2 |  2.0
Stealth        | |  1.5

Action                     |  1- 3 |  4- 6 || total
---------------------------+-------+-------++-------
   Fire: Shortbow          |   114 |   193 ||   307
  Evoke: Wand              |       |     2 ||     2
    Use: Scroll            |     2 |     3 ||     5
 Armour: Robe              |    20 |    23 ||    43
  Dodge: Dodged            |    73 |    86 ||   159

Table legend:
 A = Non-vault XP
 B = Vault XP
 C = Vault XP percentage of total XP
 D = Non-vault monster count
 E = Vault monster count
 F = Vault count percentage of total count
                 A         B        C        D         E       F
            +---------+---------+-------+---------+---------+-------
      Total |     337 |     195 |  36.7 |      60 |      28 |  31.8
            +---------+---------+-------+---------+---------+-------
        D:1 |      40 |       0 |   0.0 |      25 |       0 |   0.0
        D:2 |      66 |      44 |  40.0 |      17 |       5 |  22.7
        D:3 |     122 |       0 |   0.0 |      16 |       0 |   0.0
        D:4 |     109 |      20 |  15.5 |       2 |       3 |  60.0
    Ossuary |       0 |     131 | 100.0 |       0 |      20 | 100.0
            +---------+---------+-------+---------+---------+-------
